 Dungeon Crawl Stone Soup version 0.18-a0-1526-gcb34c7c (console) character file.

6387 utis the Geomancer (level 10, -22/60 HPs)
             Began as a Deep Elf Earth Elementalist on Mar 8, 2016.
             Was a Believer of Elyvilon.
             Killed from afar by a molten gargoyle (38 damage)
             ... with a bolt of magma
             ... on level 9 of the Dungeon.
             The game lasted 00:54:22 (16140 turns).

utis the Geomancer (Deep Elf Earth Elementalist)   Turns: 16140, Time: 00:54:22

Health: -22/60     AC:  7    Str:  8    XL:     10   Next: 66%
Magic:  10/21      EV: 14    Int: 21    God:    Elyvilon [**....]
Gold:   532        SH:  0    Dex: 15    Spells: 5 memorised, 6 levels left

rFire  . . .     SeeInvis .     a - +2 whip (elec)
rCold  + . .     Gourm    .     X - +0 ring mail
rNeg   . . .     Faith    .     (no shield)
rPois  .         Spirit   .     (no helmet)
rElec  .         Dismiss  .     M - +1 cloak
rCorr  .         Reflect  .     (no gloves)
SustAt .         Harm     .     (no boots)
MR     +....                    (no amulet)
Stlth  +.........               Z - ring of wizardry
                                C - ring of protection from cold

@: somewhat resistant to hostile enchantments, very unstealthy
A: no striking features
a: Lesser Healing, Heal Other, Divine Protection, Renounce Religion


You were on level 9 of the Dungeon.
You worshipped Elyvilon.
Elyvilon was pleased with you.
You were not hungry.

You visited 2 branches of the dungeon, and saw 10 of its levels.

You collected 592 gold pieces.
You spent 60 gold pieces at shops.

Inventory:

Hand Weapons
 a - a +2 whip of electrocution (weapon)
 d - a +0 shortbow
 h - a +0 dagger
 t - a +0 vampiric whip
 x - a +0 hunting sling
 z - a +0 morningstar
 H - a +1 mace of protection
 W - a +0 long sword
Missiles
 b - 75 stones {=f}
 i - 96 bolts
 m - 44 poisoned needles
 s - 142 arrows
 u - 35 sling bullets
 P - 37 arrows of flame
 S - 2 throwing nets {=f}
 V - 17 sling bullets of frost
Armour
 F - a +0 leather armour of magic resistance
 M - a +1 cloak (worn)
 R - the +0 leather armour "Deicyak" {+Inv rN+++ Str-3 Dex-4}
   (You found it on level 7 of the Dungeon)

   It affects your strength (-3).
   It affects your dexterity (-4).
   It renders you almost immune to negative energy.
   It lets you turn invisible.
 X - a +0 ring mail (worn)
Jewellery
 C - a ring of protection from cold (left hand)
 N - an uncursed amulet of dismissal
 Z - a ring of wizardry (right hand)
Wands
 w - a wand of paralysis (12/24)
 B - a wand of random effects (32/48)
 J - a wand of slowing (20/48)
 U - a wand of hasting (8/9) {@v3}
Scrolls
 G - 3 scrolls of teleportation {@r4}
 K - a scroll of remove curse {@r2}
 L - a scroll of fear {unknown}
 O - 2 scrolls of blinking {unknown}
 Q - 2 scrolls of enchant armour
 Y - a scroll of identify {@r1}
Potions
 f - 3 potions of curing {@q1}
 j - a potion of lignification {unknown}
 k - 2 potions of haste {@q3}
 n - 2 potions of degeneration
 q - a potion of resistance {unknown}
 r - 2 potions of cancellation
 A - 2 potions of might {unknown}
 E - a potion of brilliance {unknown}
 I - a potion of invisibility {unknown}
Books
 c - a book of Geomancy

   Spells                             Type                      Level
   a - Sandblast                      Earth                        1
   b - Passwall                       Transmutation/Earth          2
   c - Stone Arrow                    Conjuration/Earth            3
   d - Petrify                        Transmutation/Earth          4
   e - Lee's Rapid Deconstruction     Earth                        5
 o - a book of Transfigurations

   Spells                             Type                      Level
   a - Irradiate                      Conjuration/Transmutation    5
   b - Statue Form                    Transmutation/Earth          6
   c - Hydra Form                     Transmutation                6
   d - Dragon Form                    Transmutation                7
 D - a Grand Grimoire

   Spells                             Type                      Level
   a - Monstrous Menagerie            Summoning                    7
   b - Summon Greater Demon           Summoning                    7
   c - Malign Gateway                 Summoning/Translocation      7
   d - Summon Horrible Things         Summoning                    8
Comestibles
 e - 3 bread rations {@e1}
 l - a chunk of flesh
 p - a royal jelly {@e3}
 v - 5 meat rations {@e1}
 T - a beef jerky {@e2}


   Skills:
 * Level 6.1 Fighting
 - Level 5.0 Maces & Flails
 + Level 1.2 Armour
 * Level 8.5 Dodging
 - Level 2.4 Stealth
 - Level 6.1 Spellcasting
 - Level 4.0 Conjurations
 - Level 4.8 Transmutations
 - Level 8.6 Earth Magic
 - Level 3.1 Invocations


You had 6 spell levels left.
You knew the following spells:

 Your Spells              Type           Power        Failure   Level  Hunger
d - Lee's Rapid Deconstr  Erth           #####.....   10%         5    #####..
t - Stone Arrow           Conj/Erth      ####..       4%          3    ##.....
w - Passwall              Trmt/Erth      ####......   1%          2    None
y - Petrify               Trmt/Erth      ####....     9%          4    ####...
z - Sandblast             Erth           #####.       1%          1    None


Dungeon Overview and Level Annotations

Branches:
Dungeon (9/15)             Temple (1/1) D:4            Lair (0/8) D:9
    Orc: D:9-12

Altars:
Ashenzari
Cheibriados
Dithmenos
Elyvilon
Fedhas
Gozag
Kikubaaqudgha
Makhleb
Nemelex Xobeh
Okawaru
Pakellas
Qazlal
Ru
Sif Muna
Trog
Vehumet
Xom
Yredelemnul
Zin
The Shining One

Shops:
D:4 }   D:8 *

Annotations:
D:2 Terence
D:8 exclusion: downstairs


Message History

The bolt of magma hits you!
* * * LOW HITPOINT WARNING * * *
Drink which item? (? for menu, Esc to quit)
You feel much better.
Read which item? (? for menu, Esc to quit)
Okay, then.
Okay, then.
The molten gargoyle blasts magma at you!
The bolt of magma hits you!
* * * LOW HITPOINT WARNING * * *
Drink which item? (? for menu, Esc to quit)
You feel much better.
The molten gargoyle blasts magma at you!
The bolt of magma hits you!
* * * LOW HITPOINT WARNING * * *
Some of the chunks of flesh in your inventory have rotted away.
The molten gargoyle blasts magma at you!
The bolt of magma hits you!
Ouch! That really hurt!
You die...

░.░.░ ░..............░░.░.░
░.░.░ ░..............░░.░.░
░.░.░ ░..............'..░.░
░.░.░ ░....).......➘.░░.W..
░.░.░ ░..............░░)░.░
░.░.░ ░..............░░)░.░
░.░.░ ░░░░..░░.'░░░░░░░.░.░
░.░.░ ░..░░..░░░░ ░.░.░
░.░.░ ░e.░░.....░░░░[░.░
░.░.░ ░░.....⚶.....░░.░.░
░.░9░ ░░░...⚵..........)░.░
░.░9░░░..⚵.⚶.⚵..⚶.......░.░
░.░.░..9...⚶...⚶..⚶..⚵⚵.░.░
░.░.░9⚵...⚵⚶⚶....⚵.⚵......░
░.░..⚶..⚶⚶.⚶....⚵.⚵.......░
░.░..⚶.⚶⚵⚶.⚵.⚵⚶⚶.⚶..⚵⚶....░
░.░....⚶⚶...⚶.⚶⚵....⚶⚶..⚵.░


You could see a molten gargoyle.

Vanquished Creatures
  A molten gargoyle (D:9)
  A troll (D:9)
  The ghost of asdu the Cleaver, an amateur DDBe of Trog (D:5)
  Grinder (D:4)
  6 yaks (D:9)
  A human (D:7)
  A hippogriff (D:8)
  An ice beast (D:5)
  A sky beast (D:5)
  4 orc warriors (D:9)
  A phantom (D:8)
  3 black bears
  5 ogres
  2 crocodiles (D:9)
  2 centaurs (D:8)
  7 giant frogs
  A water moccasin zombie (D:5)
  A scorpion (D:8)
  14 killer bees
  7 howler monkeys
  3 crimson imps
  A giant frog zombie (D:5)
  6 hounds
  3 orc priests (D:5)
  A gnoll shaman (D:6)
  2 orc wizards (D:6)
  Ijyb (D:3)
  Natasha (D:3)
  4 iguanas
  7 worker ants
  2 hound skeletons
  5 gnolls (D:6)
  A howler monkey skeleton (D:4)
  2 river rats (D:9)
  15 adders
  6 shadow imps
  4 oozes
  2 adder skeletons
  4 worms
  3 dart slugs
  A giant gecko (D:7)
  35 orcs
  2 ball pythons
  11 bats
  8 giant cockroaches
  13 goblins
  12 hobgoblins
  5 jackals
  8 kobolds
  6 quokkas
  A giant cockroach zombie (D:5)
  10 giant newts
  A jackal skeleton (D:4)
  15 rats
262 creatures vanquished.

Vanquished Creatures (others)
  A bush (D:9)
  22 fungi (D:9)
  5 plants (D:9)
28 creatures vanquished.

Grand Total: 290 creatures vanquished

Notes
Turn   | Place    | Note
--------------------------------------------------------------
     0 | D:1      | utis the Deep Elf Earth Elementalist began the quest for the Orb.
     0 | D:1      | Reached XP level 1. HP: 10/10 MP: 6/6
   478 | D:1      | Reached XP level 2. HP: 15/15 MP: 6/8
   499 | D:1      | Learned a level 2 spell: Passwall
   879 | D:1      | Reached XP level 3. HP: 19/19 MP: 6/9
   909 | D:1      | Learned a level 3 spell: Stone Arrow
  1399 | D:1      | Reached skill level 5 in Earth Magic
  1658 | D:2      | hmmm
  1878 | D:2      | Reached XP level 4. HP: 21/24 MP: 8/10
  1883 | D:2      | :)
  2441 | D:2      | Noticed Terence
  3035 | D:3      | Reached XP level 5. HP: 28/28 MP: 8/11
  3183 | D:3      | Found a glowing golden altar of the Shining One.
  3415 | D:3      | Noticed Natasha
  3418 | D:3      | Killed Natasha
  3864 | D:3      | Noticed Ijyb
  4052 | D:3      | Killed Ijyb
  4052 | D:3      | Reached XP level 6. HP: 28/32 MP: 5/12
  4672 | D:4      | Found a staircase to the Ecumenical Temple.
  4705 | Temple   | Entered the Ecumenical Temple
  4776 | Temple   | Became a worshipper of Elyvilon the Healer
  5123 | D:4      | Found a deep blue altar of Sif Muna.
  5123 | D:4      | Found an opulent altar of Gozag.
  5669 | D:4      | Noticed Grinder
  5725 | D:4      | Reached skill level 1 in Fighting
  5808 | D:4      | Reached XP level 7. HP: 38/38 MP: 9/13
  5863 | D:4      | Found an oddly glowing altar of Pakellas.
  5863 | D:4      | Found Pakellas's Prime Provisions.
  5958 | D:4      | screw this
  5974 | D:4      | Killed Grinder
  6001 | D:5      | Entered Level 5 of the Dungeon
  6167 | D:5      | Noticed asdu's ghost (amateur DDBe)
  7002 | D:5      | Reached skill level 5 in Dodging
  7121 | D:5      | Killed asdu's ghost
  7121 | D:5      | Reached XP level 8. HP: 46/48 MP: 14/14
  7788 | D:5      | Reached * piety under Elyvilon
  8318 | D:5      | finally!
  8325 | D:5      | Learned a level 4 spell: Petrify
  8682 | D:6      | Reached skill level 1 in Conjurations
  9303 | D:6      | Found a burning altar of Makhleb.
  9524 | D:6      | Learned a level 5 spell: Lee's Rapid Deconstruction
 10228 | D:7      | Reached XP level 9. HP: 44/52 MP: 17/17
 10467 | D:7      | Reached skill level 5 in Spellcasting
 10766 | D:7      | Got a pitted leather armour
 11006 | D:7      | Found an iron altar of Okawaru.
 11304 | D:7      | Found a snail-covered altar of Cheibriados.
 11794 | D:8      | Reached ** piety under Elyvilon
 11837 | D:8      | Reached skill level 1 in Maces & Flails
 12063 | D:8      | Identified the cursed +0 leather armour "Deicyak" {+Inv rN+++ Str-3 Dex-4} (You found it on level 7 of the Dungeon)
 13096 | D:8      | Found Xint's General Store.
 13104 | D:8      | Bought a potion of heal wounds for 60 gold pieces
 13531 | D:9      | Found a bloodstained altar of Trog.
 13545 | D:9      | Reached XP level 10. HP: 53/58 MP: 19/21
 13872 | D:9      | Noticed a molten gargoyle
 13873 | D:9      | whoa
 13923 | D:9      | Found a staircase to the Lair.
 14213 | D:9      | Reached skill level 5 in Maces & Flails
 14798 | D:9      | Reached skill level 5 in Fighting
 15915 | D:9      | Reached skill level 1 in Armour
 15999 | D:9      | Noticed a molten gargoyle
 16040 | D:9      | Noticed a molten gargoyle
 16044 | D:9      | Killed a molten gargoyle
 16132 | D:9      | HP: 3/60 [molten gargoyle/bolt of magma (18)]
 16140 | D:9      | Killed from afar by a molten gargoyle

Vault maps used:
D:1:      saegor_arrival_simple_c
D:2:      uniq_terence
D:3:      nicolae_tso_carved_into_rock, kennysheep_generic_room_14,
          uniq_natasha, uniq_crazy_yiuf_cottage, uniq_iyjb
D:4:      johnstein_pakellas_shop, gammafunk_temple_overflow_pools,
          minmay_temple_entry_large_hall, first_bread, uniq_grinder
D:5:      st_stairs_5, lightli_minifort
D:6:      lightli_temple_of_fire
D:7:      cheibriados_altar_wand_db, okawaru_humans
D:8:      serial_shops, shop
D:9:      trog_ov_bears_minmay, due_lair_maze_entry_diamond,
          hangedman_pestilent_swarm, minivault_8
Temple:   temple_eino_lava_12

Skill      XL: |  1  2  3  4  5  6  7  8  9 10 |
---------------+-------------------------------+-----
Earth Magic    | 4 5 6 7 8 |  8.6
Invocations    | 3 |  3.1
Fighting       | 1 3 4 6 |  6.1
Dodging        | 6 8 |  8.5
Conjurations   | 2 4 |  4.0
Transmutations | 3 4 |  4.8
Spellcasting   | 4 6 |  6.1
Maces & Flails | 4 5 |  5.0
Armour         | 1 |  1.2
Stealth        | |  2.4

Action                   |  1- 3 |  4- 6 |  7- 9 | 10-12 || total
-------------------------+-------+-------+-------+-------++-------
Melee: Dagger            |    21 |       |       |       ||    21
       Whip              |       |   142 |   243 |   161 ||   546
 Fire: Hunting sling     |       |     1 |       |       ||     1
       Shortbow          |       |       |     5 |       ||     5
Throw: Stone             |     5 |       |       |       ||     5
       Tomahawk          |       |       |    16 |     3 ||    19
 Cast: Sandblast         |    65 |    68 |   144 |    24 ||   301
       Stone Arrow       |       |     1 |     4 |    36 ||    41
       Lee's Rapid Decon |       |       |     2 |       ||     2
  Use: Scroll            |     5 |     2 |     5 |       ||    12
       Potion            |       |       |     3 |     2 ||     5
 Stab: Sleeping          |     2 |     2 |     3 |       ||     7
  Eat: Chunk             |     2 |    13 |    21 |     9 ||    45
       Meat ration       |     1 |       |       |       ||     1
       Fruit             |       |       |     3 |       ||     3
       Beef jerky        |       |       |     1 |       ||     1
